 Dungeon Crawl Stone Soup version 0.28.0-53-g5a82cb258f (webtiles) character file.

Game seed: 946192603998195551

4092 pkoi the Digger (level 9, 0/69 HPs)
             Began as a Demigod Earth Elementalist on June 3, 2022.
             Slain by a guardian serpent (19 damage)
             ... on level 1 of the Abyss.
             The game lasted 00:19:08 (16496 turns).

pkoi the Digger (Demigod Earth Elementalist)       Turns: 16496, Time: 00:19:08

Health: 0/69       AC:  3    Str:  8 (9)  XL:     9   Next: 77%
Magic:  19/19      EV: 12    Int: 27 (29) God:
Gold:   341        SH:  0    Dex:  7 (11) Spells: 8/17 levels left

rFire   . . .      SeeInvis .   s - +2 dagger (venom)
rCold   . . .      Faith    .   (no shield)
rNeg    . . .      Spirit   .   b - +1 robe
rPois   +          Reflect  .   (no helmet)
rElec   +          Harm     .   (no cloak)
rCorr   +          Rampage  .   (no gloves)
Will    .....                   (no boots)
Stlth   ++........              (no amulet)
HPRegen 0.21/turn               p - ring of wizardry
MPRegen 0.16/turn               a - ring of Uptama {+Blink rElec rPois rCorr Dex-3}

@: no status effects
A: high MP 1, forlorn, divine attributes
a: Evoke Blink


You were on level 1 of the Abyss.
You visited 1 branch of the dungeon, and saw 10 of its levels.
You visited the Abyss 1 time.

You collected 341 gold pieces.

Inventory:

Hand Weapons
 d - a +1 short sword of venom
 m - a +1 spear of freezing
 s - a +2 dagger of venom (weapon)
 v - a +5 vorpal flail
Missiles
 c - 134 stones
 e - 7 poisoned darts
Armour
 b - a +1 robe (worn)
Jewellery
 a - the ring of Uptama (right hand) {+Blink rElec rPois rCorr Dex-3}
   (You acquired it on level 3 of the Dungeon)

   [ring of poison resistance]

   Dex:       It affects your dexterity (-3).
   rElec:     It insulates you from electricity.
   rPois:     It protects you from poison.
   +Blink:    It lets you blink.
   rCorr:     It protects you from acid and corrosion.
 g - a ring of flight
 o - a +6 ring of dexterity
 p - a ring of wizardry (left hand)
 t - a ring of willpower
 z - the ring of Fatigue {Wiz *Corrode rC++ Will- Str+4 Int+2}
   (You found it on level 9 of the Dungeon)

   [ring of wizardry]

   It improves your spell success rate.
   Str:       It affects your strength (+4).
   Int:       It affects your intelligence (+2).
   rC:        It greatly protects you from cold.
   *Corrode:  It may corrode you when you take damage.
   Will:      It decreases your willpower.
Wands
 k - a wand of acid (9)
 q - a wand of polymorph (8)
 B - a wand of mindburst (11)
 C - a wand of charming (7)
Scrolls
 i - 4 scrolls of magic mapping
 l - a scroll of enchant armour
 x - a scroll of summoning
 y - a scroll of amnesia
Potions
 f - a potion of curing
 h - a potion of degeneration
 r - a potion of berserk rage
 u - a potion of brilliance


   Skills:
 - Level 3.0 Fighting
 - Level 3.0 Armour
 - Level 3.0 Dodging
 + Level 2.3 Stealth
 + Level 4.7 Spellcasting
 + Level 5.5 Conjurations
 - Level 3.0 Transmutations
 - Level 3.0 Fire Magic
 - Level 3.0 Air Magic
 - Level 6.0 Earth Magic
 + Level 5.3 Poison Magic
 + Level 1.1 Evocations


You had 8 spell levels left.
You knew the following spells:

 Your Spells              Type           Power      Damage    Failure   Level
a - Sandblast             Erth           76%        2d16      1%          1
b - Stone Arrow           Conj/Erth      74%        3d11      1%          3
c - Poisonous Vapours     Pois/Air       56%        N/A       1%          2
d - Ignite Poison         Fire/Tmut/Pois 26%        N/A       1%          3

Your spell library contained the following spells:

 Spells                   Type           Power      Damage    Failure   Level
 Magic Dart               Conj           100%       1d8       1%          1
 Sting                    Tmut/Pois      100%       1d8       1%          1
 Passwall                 Tmut/Erth      25%        N/A       1%          2
 Searing Ray              Conj           72%        2d7       1%          2
 Mephitic Cloud           Conj/Pois/Air  31%        N/A       1%          3
 Dazzling Flash           Conj/Hex       42%        N/A       2%          3
 Animate Skeleton         Necr           12%        N/A       3%          1
 Pain                     Necr           24%        1d5       3%          1
 Olgreb's Toxic Radiance  Pois           35%        N/A       3%          4
 Petrify                  Tmut/Erth      30%        N/A       4%          4
 Gell's Gravitas          Tloc           6%         N/A       9%          3
 Lesser Beckoning         Tloc           6%         N/A       9%          3
 Teleport Other           Tloc           6%         N/A       9%          3
 Vampiric Draining        Necr           6%         2d6       9%          3
 Fulminant Prism          Conj/Hex       10%        3d9       10%         4
 Iskenderun's Mystic Bla  Conj/Tloc      21%        2d6       10%         4
 Freezing Cloud           Conj/Ice/Air   10%        6-21      26%         5
 Starburst                Conj/Fire      14%        6d6       58%         6
 Dispersal                Tloc           3%         N/A       98%         6
 Disjunction              Tloc           3%         N/A       100%        8


Dungeon Overview and Level Annotations

Branches:
Dungeon (10/15)            Temple (0/1) D:4
   Lair: D:8-11         Orc: D:9-12

Annotations:
D:8 3 runed translucent doors, exclusions: ice statue and obsidian statue, pkoi's ghost, novice DgIE
D:9 Psyche


Innate Abilities, Weirdness & Mutations

You have an increased reservoir of magic. (+10% MP)
You shall have no god before yourself.
Your divine heritage dramatically boosts your attributes as you level up.


Message History

It was a scroll of noise.
The flying skull gives a hideous shriek!
You hear a shout!
Something shouts, "Out, out, thou feckless dread-bolted deadneck!"
The quasit bites you.
* * * LOW HITPOINT WARNING * * *
You feel clumsy.
The quasit claws you but does no damage.
The quasit barely misses you.
A flying skull comes into view.
The flying skull barely misses you. The flying skull misses you.
The guardian serpent coils itself and waves its upper body at you.
The bolt of poison hits you! You resist.
* * * LOW HITPOINT WARNING * * *
The bolt of poison hits the flying skull.
The flying skull completely resists.
The flying skull hits you.
* * * LOW HITPOINT WARNING * * *
Unknown command.
Okay, then.
You feel much better. The flying skull misses you.
The quasit bites you but does no damage.
The quasit claws you but does no damage. x2
The flying skull hits you!
* * * LOW HITPOINT WARNING * * *
You miss the flying skull. The quasit bites you.
* * * LOW HITPOINT WARNING * * *
You feel clumsy. The quasit barely misses you. The quasit claws you.
* * * LOW HITPOINT WARNING * * *
You feel clumsy.
The guardian serpent coils itself and waves its upper body at you.
You resist with some effort. The flying skull closely misses you.
A small abomination comes into view.
The flying skull hits you.
* * * LOW HITPOINT WARNING * * *
The flying skull misses you.
The quasit bites you but does no damage.
The quasit claws you but does no damage. x2
The guardian serpent hits you!!
You die...

#.# ..#...# ## #. #.#
..#. ##.## #Z. #.#.. .
# #..#. . ###..x##.#.
..# #...##..#.. ..#
..# ..##.#.x#..#.
#.#.###. #...
#xZ####..#...#.#
#..z#5#..#..####...ยง.
#zz@###..#>...##. .
#...#zS.#.### #..####.
#..#. #.##......# ##
#. . .. ..##.#.... ..
.. .# ..# . ..# ..###
# ...... ....#. ....#.
..#.. . . .#...##
##..# # .. .#.


You could see a guardian serpent, 2 small abominations, 4 flying skulls, a
quasit and a nagaraja skeleton.

Vanquished Creatures
  Erica (D:8)
  A two-headed ogre (D:8)
  A steam dragon (D:9)
  Edmund (D:6)
  An acid dragon (D:9)
  A water moccasin (D:7)
  4 orc warriors
  A sky beast (D:4)
  A necrophage (D:5)
  An ogre (D:6)
  2 centaurs
  4 kobold brigands
  Blork the orc (D:5)
  A wyvern zombie (D:7)
  2 gnoll sergeants
  A bullfrog (D:7)
  2 scorpions (D:5)
  A water moccasin zombie (D:5)
  5 wights (D:4)
  A howler monkey (D:4)
  2 centaur zombies
  An orc priest (D:7)
  A centaur skeleton (D:6)
  2 hounds (D:4)
  An iguana (D:6)
  3 orc wizards
  A hound skeleton (D:4)
  A hound zombie (D:5)
  3 howler monkey zombies
  15 gnolls
  7 adders
  3 white imps
  A worm (D:2)
  5 dart slugs
  21 orcs
  8 endoplasms
  10 giant cockroaches
  7 goblins
  7 hobgoblins
  4 jackals (D:5)
  17 kobolds
  7 quokkas
  3 ball pythons
  4 bats
  A frilled lizard (D:3)
  A rat (D:1)
169 creatures vanquished.

Vanquished Creatures (others)
  3 withered plants (D:2)
3 creatures vanquished.

Grand Total: 172 creatures vanquished

Notes
Turn   | Place    | Note
-------+----------+-------------------------------------------
     0 | D:1      | pkoi the Demigod Earth Elementalist began the quest for the
                  | Orb.
     0 | D:1      | Reached XP level 1. HP: 14/14 MP: 5/5
   194 | D:1      | Reached skill level 3 in Earth Magic
  1034 | D:1      | Reached XP level 2. HP: 20/20 MP: 5/7
  1035 | D:1      | Identified a scroll of acquirement
  1035 | D:1      | Acquired a Trismegistus Codex
  2038 | D:2      | Reached XP level 3. HP: 25/26 MP: 5/8
  2103 | D:2      | Reached skill level 4 in Earth Magic
  3200 | D:3      | Acquired the ring of Uptama {+Blink rElec rPois rCorr
                  | Dex-3}
  3856 | D:3      | Learned a level 3 spell: Stone Arrow
  4109 | D:3      | Reached XP level 4. HP: 16/33 MP: 6/9
  4485 | D:3      | Reached skill level 1 in Conjurations
  5219 | D:4      | Found a staircase to the Ecumenical Temple.
  5905 | D:4      | Reached XP level 5. HP: 38/38 MP: 11/11
  5969 | D:4      | Reached skill level 5 in Earth Magic
  6536 | D:4      | Learned a level 2 spell: Poisonous Vapours
  6796 | D:4      | Reached XP level 6. HP: 45/45 MP: 13/13
  7155 | D:5      | Entered Level 5 of the Dungeon
  7955 | D:4      | Reached skill level 1 in Fighting
  7996 | D:4      | Learned a level 3 spell: Ignite Poison
  8255 | D:4      | Reached skill level 1 in Transmutations
  8255 | D:4      | Reached skill level 1 in Air Magic
  8422 | D:5      | Reached skill level 1 in Poison Magic
  8489 | D:5      | Noticed Blork the orc
  8630 | D:5      | Reached skill level 1 in Fire Magic
  8630 | D:5      | Reached XP level 7. HP: 47/52 MP: 10/14
  9950 | D:5      | Killed Blork the orc
 10730 | D:6      | Noticed Edmund
 10733 | D:6      | Reached XP level 8. HP: 39/62 MP: 5/15
 12503 | D:6      | Killed Edmund
 13056 | D:7      | Reached skill level 1 in Armour
 13643 | D:7      | Identified the +1 chain mail of the Iron City of Dis {rF+
                  | Str+6}
 14849 | D:7      | Reached XP level 9. HP: 52/69 MP: 1/17
 15631 | D:8      | Noticed a two-headed ogre
 15635 | D:8      | Killed a two-headed ogre
 15636 | D:8      | Reached skill level 6 in Earth Magic
 15803 | D:8      | Noticed Erica
 15809 | D:8      | Killed Erica
 15810 | D:8      | Reached skill level 5 in Conjurations
 15810 | D:8      | Reached skill level 5 in Poison Magic
 15966 | D:8      | Noticed an ice statue
 16042 | D:8      | Noticed an obsidian statue
 16146 | D:8      | Found a runed translucent gate.
 16146 | D:8      | Found a runed translucent gate.
 16146 | D:8      | Found a runed translucent gate.
 16147 | D:8      | Noticed pkoi's ghost (novice DgIE)
 16184 | D:8      | You fall into a shaft and drop 2 floors!
 16184 | D:10     | Entered Level 10 of the Dungeon
 16212 | D:9      | Identified the ring of Fatigue {Wiz *Corrode rC++ Will-
                  | Str+4 Int+2}
 16347 | D:9      | Reached skill level 1 in Evocations
 16348 | D:9      | HP: 3/69 [steam dragon/ball of steam (19)]
 16349 | D:9      | Noticed Psyche
 16360 | D:9      | Cast into level 1 of the Abyss (Psyche)
 16487 | Abyss:1  | Noticed a guardian serpent
 16496 | Abyss:1  | Slain by a guardian serpent

Illustrated notes

Levels and vault maps discovered:
D:1:      minmay_arrival_shattered_statue, layout_rooms
D:2:      layout_loops_cross, ebering_ecumenical_altar_petrified
D:3:      layout_loops_ring
D:4:      layout_loops_corners, mainiacjoe_overflow_brackets,
          gammafunk_temple_overflow_elements, minmay_temple_entry_junction
D:5:      layout_cave_pools, cheibriados_altar_2,
          nicolae_qazlal_eye_of_the_storm, nicolae_tso_swordbearing_angel,
          gup_sewer_entry_pipe, uniq_blork_the_orc
D:6:      layout_basic, kennysheep_okawaru_gauntlet,
          nicolae_overflow_hidden_temple, minmay_misc_feat_enclosed, uniq_edmund
D:7:      layout_basic
D:8:      minmay_separated_statues, layout_basic, gammafunk_ghost_spectres,
          uniq_erica
D:9:      layout_cave_pools, uniq_erolcha, uniq_psyche, uniq_joseph
D:10:     layout_loops_corners, david_defended_altar_orc
Abyss:1:  base:
D:9

Skill      XL: |  1  2  3  4  5  6  7  8  9 |
---------------+----------------------------+-----
Earth Magic    | 3 4 5 6 |  6.0
Spellcasting   | 2 3 4 |  4.7
Conjurations   | 1 2 3 4 5 |  5.5
Dodging        | 2 3 |  3.0
Fighting       | 1 2 3 |  3.0
Transmutations | 1 2 3 |  3.0
Air Magic      | 1 2 3 |  3.0
Poison Magic   | 1 2 3 5 |  5.3
Fire Magic     | 1 2 3 |  3.0
Armour         | 2 3 |  3.0
Stealth        | 2 |  2.3
Evocations     | 1 |  1.1

Action                   |  1- 3 |  4- 6 |  7- 9 || total
-------------------------+-------+-------+-------++-------
Melee: Short sword       |    62 |   159 |    49 ||   270
       Spear             |       |     9 |       ||     9
       Punch             |       |     1 |     2 ||     3
       Dagger            |       |       |   111 ||   111
 Cast: Sandblast         |    55 |    29 |    13 ||    97
       Ignite Poison     |       |     3 |    34 ||    37
       Stone Arrow       |       |       |    30 ||    30
       Poisonous Vapours |       |       |    51 ||    51
Evoke: Wand              |       |       |     3 ||     3
  Use: Scroll            |     7 |     4 |     7 ||    18
       Potion            |     2 |       |     7 ||     9
 Stab: Sleeping          |       |     1 |     1 ||     2
Armor: Robe              |    28 |    36 |    37 ||   101
       Skin              |       |       |     4 ||     4
Dodge: Dodged            |    68 |   126 |   132 ||   326
